 Dungeon Crawl Stone Soup version 0.29-a0-100-g60f898f876 (webtiles) character file.

Game seed: 9595980805391033174

101612 drugrobin the Tortoise (level 15, -3/111 (126) HPs)
             Began as a Demigod Warper on Feb 15, 2022.
             Shot with a bolt by an orc knight (19 damage)
             ... on level 15 of the Dungeon.
             The game lasted 01:54:09 (40154 turns).

drugrobin the Tortoise (Demigod Warper)            Turns: 40154, Time: 01:54:10

HP:   -3/111 (126)  AC: 36    Str: 34    XL:     15   Next: 38%
MP:   20/21         EV: 10    Int: 15    God:
Gold: 1409          SH:  0    Dex: 23    Spells: 9/17 levels left

rFire   . . .      SeeInvis .   a - +1 halberd (protect)
rCold   + . .      Faith    .   (shield currently unavailable)
rNeg    . . .      Spirit   .   O - +10 plate armour "Omyhiewk" {Dex+4 Stlth+}
rPois   .          Reflect  .   M - +0 helmet
rElec   .          Harm     .   W - +0 cloak {Will+}
rCorr   .          Rampage  .   p - +1 pair of gloves
Will    ++...                   V - +1 pair of boots {Stlth+}
Stlth   ..........              f - amulet of regeneration
HPRegen 1.08/turn               J - +6 ring of strength
MPRegen 0.17/turn               E - ring "Tosoequc" {rC+ Dex+2}

@: very slightly contaminated, heavily drained
A: high MP 1, forlorn, divine attributes
a: no special abilities


You were on level 15 of the Dungeon.
You visited 5 branches of the dungeon, and saw 25 of its levels.
You also visited: Ossuary.

You collected 2716 gold pieces.
You spent 1307 gold pieces at shops.

Inventory:

Hand Weapons
 a - a +1 halberd of protection (weapon)
 c - a +2 dagger of venom
 d - a +3 trident of freezing
 q - a +0 vorpal bardiche
 y - a +5 hand axe of flaming
 T - the +3 trident of Regicide {holy, Dex+4 SInv Stlth+}
   (You found it on level 6 of the Lair of Beasts)

   It has been blessed by the Shining One to cause great damage to the undead
   and demons.
   Dex:       It affects your dexterity (+4).
   SInv:      It lets you see invisible.
   Stlth:     It makes you more stealthy.
Missiles
 m - 28 boomerangs (quivered)
 z - 39 poisoned darts
 B - 3 curare-tipped darts
Armour
 p - a +1 pair of gloves (worn)
 M - a +0 helmet (worn)
 N - a scarf of invisibility
 O - the +10 plate armour "Omyhiewk" (worn) {Dex+4 Stlth+}
   (You took it off a gnoll sergeant on level 6 of the Dungeon)

   Dex:       It affects your dexterity (+4).
   Stlth:     It makes you more stealthy.
 R - a scarf of repulsion
 V - a +1 pair of boots of stealth (worn)
 W - a +0 cloak of willpower (worn)
Jewellery
 b - a ring of resist corrosion
 f - an amulet of regeneration (around neck)
 r - a +6 ring of intelligence
 w - a ring of fire
 E - the ring "Tosoequc" (right hand) {rC+ Dex+2}
   (You took it off a tengu warrior on level 10 of the Dungeon)

   [ring of protection from cold]

   Dex:       It affects your dexterity (+2).
   rC:        It protects you from cold.
 J - a +6 ring of strength (left hand)
 K - a ring of poison resistance
 Q - a ring of protection from cold
Wands
 h - a wand of charming (4)
 l - a wand of acid (3)
 n - a wand of paralysis (6)
 u - a wand of polymorph (6)
 A - a wand of digging (15)
 D - a wand of iceblast (10)
 I - a wand of mindburst (19)
Scrolls
 e - 5 scrolls of teleportation
 g - 9 scrolls of enchant armour
 j - a scroll of blinking
 o - 8 scrolls of fear
 F - 2 scrolls of silence
 P - a scroll of identify
 X - 3 scrolls of magic mapping
 Z - a scroll of amnesia
Potions
 i - 4 potions of invisibility
 k - 3 potions of might
 s - 3 potions of haste
 t - 11 potions of curing
 v - 3 potions of lignification
 x - 3 potions of brilliance
 C - 2 potions of resistance
 G - 3 potions of magic
 H - a potion of ambrosia
 L - 3 potions of berserk rage


   Skills:
 + Level 9.7 Fighting
 + Level 16.5 Polearms
 - Level 0.8 Throwing
 * Level 16.6 Armour
 - Level 1.7 Dodging
 - Level 1.7 Spellcasting
 + Level 5.7 Translocations
 - Level 7.0 Evocations


You had 9 spell levels left.
You knew the following spells:

 Your Spells              Type           Power      Damage    Failure   Level
a - Blink                 Tloc           36%        N/A       13%         2
b - Teleport Other        Tloc           18%        N/A       26%         3
c - Gell's Gravitas       Tloc           18%        N/A       26%         3

Your spell library contained the following spells:

 Spells                   Type           Power      Damage    Failure   Level
 Lesser Beckoning         Tloc           18%        N/A       26%         3
 Portal Projectile        Hex/Tloc       18%        N/A       65%         3
 Foxfire                  Conj/Fire      4%         2x1d4     67%         1
 Magic Dart               Conj           4%         1d3       67%         1
 Ensorcelled Hibernation  Hex/Ice        2%         N/A       80%         2
 Searing Ray              Conj           2%         2d4       80%         2
 Static Discharge         Conj/Air       1%         N/A       80%         2
 Sublimation of Blood     Necr           1%         N/A       80%         2
 Wereblood                Tmut           1%         N/A       80%         2
 Manifold Assault         Tloc           18%        N/A       94%         5
 Conjure Flame            Conj/Fire      1%         6-21      95%         3
 Frozen Ramparts          Ice            2%         1d2       95%         3
 Inner Flame              Hex/Fire       1%         N/A       95%         3
 Spider Form              Tmut/Pois      1%         N/A       95%         3
 Anguish                  Hex/Necr       0%         N/A       100%        4
 Cause Fear               Hex            0%         N/A       100%        4
 Dispel Undead            Necr           1%         3d6       100%        4
 Flame Wave               Conj/Fire      1%         2d4       100%        4
 Fulminant Prism          Conj/Hex       0%         3d6       100%        4
 Hailstorm                Conj/Ice       1%         3d3       100%        4
 Ice Form                 Ice/Tmut       1%         N/A       100%        4
 Sticky Flame             Conj/Fire      1%         2d3       100%        4
 Summon Ice Beast         Ice/Summ       1%         N/A       100%        4
 Blade Hands              Tmut           0%         N/A       100%        5
 Excruciating Wounds      Necr           0%         N/A       100%        5
 Lightning Bolt           Conj/Air       0%         1d11      100%        5
 Simulacrum               Ice/Necr       0%         N/A       100%        6
 Summon Hydra             Summ           0%         N/A       100%        7
 Discord                  Hex            0%         N/A       100%        8
 Maxwell's Capacitive Co  Air            0%         ∞         100%        8


Dungeon Overview and Level Annotations

Branches:
Dungeon (15/15)            Temple (0/1) D:7            Lair (6/6) D:8
  Swamp (1/4) Lair:3       Spider (0/4) Lair:2        Slime (0/5) Lair:6
    Orc (2/2) D:10            Elf (1/3) Orc:2       Ossuary (visited)
 Vaults: D:13-14     Depths: D:15

Shops:
D:3 ?   D:8 *   D:9 (*[*   D:12 *   D:13 [   Orc:2 =[[(

Portals:
Trove: D:11 (give 13 scrolls of teleportation)

Annotations:
D:7 2 runed translucent doors, enile's ghost, novice OpBr
D:14 Rupert
Lair:1 exclusion: oklob plant
Lair:3 1 runed translucent door, Asuyte's ghost, journeyman VSVM


Innate Abilities, Weirdness & Mutations

You have an increased reservoir of magic. (+10% MP)
You shall have no god before yourself.
Your divine heritage dramatically boosts your attributes as you level up.


Message History

You closely miss the orc knight.
The orc knight is moderately wounded.
The wizard casts a spell.
The wizard blinks!
The orc knight hits you with a +0 halberd.
* * * LOW HITPOINT WARNING * * *
Unknown command.
Unknown command.
Unknown command.
Unknown command.
Unknown command.
Unknown command.
You closely miss the orc knight.
The orc knight is moderately wounded.
Unknown command.
Unknown command.
Unknown command.
Unknown command.
Unknown command.
Unknown command.
Casting: Blink (safe; 13% risk of failure)
Confirm with . or Enter, or press ? or * to list all spells.
You miscast Blink.
You are very lightly contaminated with residual magic.
Nothing appears to happen.
The orc knight hits you with a +0 halberd!!
* * * LOW HITPOINT WARNING * * *
Okay, then.
Unknown command.
You feel better.
The orc knight hits you but does no damage.
The orc knight unwields a +0 halberd.
The orc knight wields a +0 arbalest.
The orc knight shoots a bolt.
The bolt hits you.
* * * LOW HITPOINT WARNING * * *
The orc knight shoots a bolt.
The bolt hits you but does no damage.
The wizard gestures wildly while chanting.
The wizard flickers and vanishes!
Deactivating autopickup; reactivate with Ctrl-A.
The orc knight shoots a bolt.
The bolt hits you!!
You die...

......
...[.....#.......###..<###
.........#.....#.......#
#####....#.....#.......#
#....#######.......#
#..................#
#..................#
#..................#
.#######.....######.......#
............@#....#.......#
.............'....#
..######.....#....#
#####.#....# #o#....#
###o#....# #.{)######.
#.......... #..........


You could see an orc knight and an orc (strong).

Vanquished Creatures
  2 orc warlords
  Nessos (Lair:4)
  Azrael (Orc:2)
  A fire dragon (D:10)
  Josephine (Orc:1)
  Fannar (D:10)
  12 hydras
  2 centaur warriors
  An ogre mage (D:13)
  3 boulder beetles
  6 death yaks
  A death knight (D:15)
  2 dancing weapons (Elf:1)
  5 two-headed ogres
  3 tengu warriors
  4 orc high priests
  A deep elf knight (Orc:2)
  A goliath frog (Lair:6)
  2 wizards
  A harpy (shapeshifter) (D:12)
  2 deep elf archers (Elf:1)
  3 orc knights
  2 deep elf zephyrmancers (Elf:1)
  11 deep elf pyromancers
  7 ugly things
  6 cyclopes
  6 orc sorcerers
  3 manticores
  14 elephants
  3 black mambas
  A gargoyle (D:13)
  19 cane toads
  5 torpor snails (Lair:6)
  An unseen horror (D:12)
  A kobold demonologist (D:10)
  An efreet (D:10)
  A tengu conjurer (D:14)
  11 komodo dragons
  A rime drake (Lair:4)
  2 tyrant leeches (Lair:6)
  7 trolls
  Prince Ribbit (D:6)
  A hornet (D:11)
  26 blink frogs
  16 dream sheep
  2 vampires (D:11)
  Sigmund (D:3)
  3 shadows
  57 yaks
  5 wyverns
  5 wraiths
  5 fire elementals
  3 basilisks
  9 vampire mosquitoes
  An acid dragon (D:10)
  2 swamp worms
  2 wargs
  A hell hound (Orc:2)
  19 water moccasins
  2 ice beasts
  5 black bears
  43 orc warriors
  5 sky beasts
  A necrophage (D:7)
  17 wolves
  10 ogres
  A centaur (D:10)
  3 phantoms
  17 bullfrogs
  2 gnoll sergeants
  A scorpion (D:7)
  A wyvern zombie (D:6)
  3 earth elementals (Elf:1)
  4 wights (D:8)
  7 killer bees (D:9)
  4 howler monkeys
  2 electric eels (Lair:6)
  7 centaur zombies
  3 jellies
  24 orc priests
  A bullfrog skeleton (D:7)
  3 hounds (D:6)
  Jessica (D:3)
  A centaur skeleton (D:6)
  5 iguanas
  Ijyb (D:3)
  Natasha (twice) (D:3)
  46 orc wizards
  A killer bee zombie (D:6)
  A hound skeleton (D:4)
  2 mummies
  2 howler monkey skeletons
  2 howler monkey zombies
  6 adders
  9 gnolls
  2 shadow imps (D:6)
  A white imp (D:5)
  3 worms
  2 dart slugs (D:4)
  101 orcs
  3 spectral bats (Ossuary)
  5 bats
  7 endoplasms
  3 giant cockroaches
  12 gnoll zombies (Ossuary)
  8 goblins
  4 hobgoblins
  4 kobolds
  4 quokkas (D:1)
  7 ball pythons
  4 bat simulacra (Ossuary)
  3 frilled lizards (D:1)
  2 goblin simulacra (Ossuary)
  5 goblin zombies (Ossuary)
  3 hobgoblin zombies (Ossuary)
  A jackal zombie (D:4)
  2 kobold simulacra (Ossuary)
  4 kobold zombies (Ossuary)
  7 orc zombies
  8 rats
  3 rat simulacra (Ossuary)
  4 spectral goblins (Ossuary)
  A spectral kobold (Ossuary)
  7 spectral rats (Ossuary)
782 creatures vanquished.

Vanquished Creatures (others)
  An orc (Elf:1)
  A bush (Lair:6)
  66 fungi
  117 plants
185 creatures vanquished.

Grand Total: 967 creatures vanquished

Notes
Turn   | Place    | Note
-------+----------+-------------------------------------------
     0 | D:1      | drugrobin the Demigod Warper began the quest for the Orb.
     0 | D:1      | Reached XP level 1. HP: 17/17 MP: 5/5
   332 | D:1      | Reached XP level 2. HP: 19/24 MP: 7/7
   821 | D:1      | Learned a level 2 spell: Blink
  1131 | D:2      | Reached XP level 3. HP: 29/29 MP: 8/8
  1166 | D:2      | Learned a level 3 spell: Teleport Other
  2089 | D:3      | Noticed Jessica
  2099 | D:3      | Killed Jessica
  2100 | D:3      | Reached XP level 4. HP: 35/36 MP: 9/9
  2127 | D:3      | Found Vulaen's Magic Scroll Shoppe.
  2133 | D:3      | Bought a scroll of blinking for 75 gold pieces
  2133 | D:3      | Bought a scroll of identify for 20 gold pieces
  2133 | D:3      | Bought a scroll of immolation for 35 gold pieces
  2134 | D:3      | Noticed Sigmund
  2153 | D:3      | Killed Sigmund
  2154 | D:3      | Reached skill level 5 in Polearms
  2154 | D:3      | Reached XP level 5. HP: 44/44 MP: 10/10
  2521 | D:3      | Noticed Natasha
  2529 | D:3      | Killed Natasha
  3073 | D:3      | Noticed Natasha
  3084 | D:3      | Killed Natasha
  3218 | D:3      | Noticed Ijyb
  3234 | D:3      | Killed Ijyb
  3235 | D:3      | Reached XP level 6. HP: 35/51 MP: 11/11
  3727 | D:4      | Found a sand-covered staircase.
  3740 | Ossuary  | Entered an ossuary
  4174 | D:4      | Reached XP level 7. HP: 56/57 MP: 12/12
  4178 | D:4      | Learned a level 3 spell: Gell's Gravitas
  4934 | D:5      | Entered Level 5 of the Dungeon
  5959 | D:6      | Noticed a cyclops
  5979 | D:6      | Reached skill level 5 in Fighting
  5984 | D:6      | Reached XP level 8. HP: 42/68 MP: 13/13
  6392 | D:6      | Identified the +10 plate armour "Omyhiewk" {Dex+4 Stlth+}
  6961 | D:6      | Reached skill level 1 in Armour
  7129 | D:6      | Noticed Prince Ribbit
  7175 | D:6      | Killed Prince Ribbit
  7176 | D:6      | Reached XP level 9. HP: 21/75 MP: 14/14
  8012 | D:6      | Killed a cyclops
  8013 | D:6      | Reached skill level 10 in Polearms
  8345 | D:7      | Found a staircase to the Ecumenical Temple.
  9012 | D:7      | Identified the +4 barding of Action {Dex+6}
  9273 | D:7      | Found a large runed translucent door.
  9274 | D:7      | Found a large runed translucent door.
  9277 | D:7      | Noticed enile's ghost (novice OpBr)
  9647 | D:8      | Noticed a two-headed ogre
  9654 | D:8      | Killed a two-headed ogre
  9655 | D:8      | Reached skill level 5 in Armour
  9912 | D:8      | Found a staircase to the Lair.
  9924 | D:8      | Reached XP level 10. HP: 78/83 MP: 15/15
 10364 | Lair:1   | Entered Level 1 of the Lair of Beasts
 11031 | Lair:1   | Noticed a five-headed hydra
 11052 | Lair:1   | Killed a five-headed hydra
 11365 | Lair:1   | Noticed an oklob plant
 12043 | Lair:1   | HP: 1/83 [cane toad (17)]
 12046 | Lair:1   | Reached XP level 11. HP: 8/89 MP: 17/17
 12402 | Lair:1   | Noticed an eight-headed hydra
 12425 | Lair:1   | Killed an eight-headed hydra
 12875 | Lair:2   | Found a hole to the Spider Nest.
 13177 | Lair:2   | HP: 4/89 [yak (9)]
 14718 | Lair:3   | Noticed a six-headed hydra
 14732 | Lair:2   | Reached skill level 10 in Armour
 14743 | Lair:2   | HP: 3/89 [wolf (5)]
 15287 | Lair:3   | Noticed an eight-headed hydra
 15373 | Lair:2   | Killed an eight-headed hydra
 15831 | Lair:3   | Found a staircase to the Swamp.
 15907 | Lair:3   | Found a runed translucent door.
 15908 | Lair:3   | Identified the +8 trident "Hailueph" {flame, Int+2}
 15908 | Lair:3   | Noticed a spriggan rider
 15909 | Lair:3   | Noticed Asuyte's ghost (journeyman VSVM)
 16381 | Lair:3   | Killed a six-headed hydra
 16498 | Lair:3   | You fall into a shaft and drop 2 floors!
 16760 | Lair:5   | Reached XP level 12. HP: 76/96 MP: 18/18
 17826 | Lair:5   | Reached skill level 15 in Polearms
 18862 | Lair:4   | Noticed Nessos
 18888 | Lair:4   | Killed Nessos
 18946 | Lair:4   | Reached skill level 1 in Evocations
 19234 | Lair:4   | Noticed a six-headed hydra
 19467 | Lair:3   | Killed a six-headed hydra
 20488 | Lair:5   | Reached XP level 13. HP: 94/102 MP: 19/19
 21153 | Lair:6   | Entered Level 6 of the Lair of Beasts
 24238 | Lair:6   | Reached skill level 5 in Evocations
 24555 | Lair:6   | Found a staircase to the Slime Pits.
 24779 | Lair:6   | Identified the +3 trident of Regicide {holy, Dex+4 SInv
                  | Stlth+}
 24993 | Swamp:1  | Entered Level 1 of the Swamp
 25556 | D:8      | Found Jemuczea's General Store.
 25566 | D:8      | Bought 2 potions of curing for 60 gold pieces
 25566 | D:8      | Bought a +0 cloak of willpower for 115 gold pieces
 26335 | D:9      | Found Kiajoyrr's Antique Weapon Emporium.
 26338 | D:9      | Found Eclobu's General Store.
 26339 | D:9      | Found Sikhen's Assorted Antiques.
 26339 | D:9      | Found Jyrelleren's Antique Armour Emporium.
 26343 | D:9      | Bought a potion of lignification for 42 gold pieces
 26925 | D:10     | Entered Level 10 of the Dungeon
 26967 | D:10     | Noticed Fannar
 26992 | D:10     | Killed Fannar
 27112 | D:10     | Found a staircase to the Orcish Mines.
 27157 | D:10     | Reached XP level 14. HP: 101/113 MP: 20/20
 27184 | Orc:1    | Entered Level 1 of the Orcish Mines
 27844 | Orc:1    | Noticed Josephine
 27873 | Orc:1    | Killed Josephine
 29512 | D:10     | Found a runed translucent door.
 29513 | D:10     | Found a runed translucent door.
 29861 | Orc:1    | Reached skill level 15 in Armour
 30019 | Orc:1    | Noticed an orc warlord
 32562 | D:10     | Killed an orc warlord
 32728 | Orc:2    | Entered Level 2 of the Orcish Mines
 32811 | Orc:2    | Found a staircase to the Elven Halls.
 32943 | Orc:2    | Noticed Azrael
 32984 | Orc:2    | Killed Azrael
 33646 | Orc:2    | Found Zaissoi's Jewellery Emporium.
 33656 | Orc:2    | Bought an amulet of regeneration for 360 gold pieces
 34042 | Orc:2    | Noticed an orc warlord
 34070 | Orc:2    | Killed an orc warlord
 34191 | Orc:2    | Found Nischieco's Antique Weapon Shoppe.
 34193 | Orc:2    | Found Vuif's Antique Armour Emporium.
 34207 | Orc:2    | Bought a fading cloak for 294 gold pieces
 34207 | Orc:2    | Identified the +1 cloak of the Evil One {Dex+4} (You bought
                  | it in a shop on level 2 of the Orcish Mines)
 34246 | Orc:2    | Found Hidof's Antique Armour Boutique.
 34414 | Orc:2    | Bought a bardiche for 306 gold pieces
 34453 | Elf:1    | Entered Level 1 of the Elven Halls
 35930 | Elf:1    | Noticed an Ice Fiend
 36388 | D:10     | Identified the ring "Tosoequc" {rC+ Dex+2}
 36538 | D:10     | Identified the amulet "Tetam" {Faith Will+ Int+4}
 37005 | D:11     | Reached XP level 15. HP: 87/124 MP: 21/21
 37242 | D:11     | Found a portal to a secret trove of treasure.
 37598 | D:11     | Paralysed by a hornet for 2 turns
 38165 | D:12     | Reached skill level 5 in Translocations
 38314 | D:12     | Found Tat Erun's Gadget Gallery.
 38972 | D:13     | Found Yfaungit's Antique Armour Shoppe.
 39592 | D:14     | Noticed Rupert
 39623 | D:14     | Paralysed by Rupert for 4 turns
 39799 | D:15     | Entered Level 15 of the Dungeon
 40149 | D:15     | HP: 5/111 [orc knight (20)]
 40154 | D:15     | Shot with a bolt by an orc knight

Illustrated notes

Levels and vault maps discovered:
D:1:      eino_arrival_cavern_d, layout_rooms,
          shapermc_ecumenical_altar_mp_ritualfount, st_stairs_14
D:2:      layout_basic, due_unseen_surprise
D:3:      layout_loops_ring, serial_shops, nicolae_shop_trees, uniq_jessica,
          uniq_sigmund, uniq_ijyb, uniq_natasha
D:4:      layout_gridville, enter_ossuary_3, guppyfry_early_orc_mine
D:5:      layout_rooms
D:6:      cheibrodos_fzero, layout_loops_ring, overflow_temple_1_default,
          uniq_prince_ribbit1
D:7:      layout_basic, minmay_temple_entry_hall, ebering_ghost_disaster_area,
          serial_bayou_pond_b
D:8:      layout_layer_cave, lair_entry_dummy, serial_shops,
          nicolae_stop_n_shop_2
D:9:      layout_long_grid, nicolae_wooded_promenade
D:10:     minmay_the_grid_triangle_9x9_rhombus_thin
          [minmay_the_grid_triangle_9x9_tough_junction,
          minmay_the_grid_triangle_9x9_prize_schism,
          minmay_the_grid_triangle_9x9_intruding_spiral,
          minmay_the_grid_triangle_9x9_negative_grid], layout_basic,
          minmay_orc_entry_temple_small, uniq_fannar
D:11:     layout_long_grid, nicolae_trove_entry_crossroad, serial_rivers,
          chequers_serial_rivers_micro_b, chequers_serial_rivers_micro_d,
          chequers_serial_rivers_large_b, chequers_serial_rivers_small_b,
          chequers_serial_rivers_small_3, okawaru_ov_weapons_minmay
D:12:     layout_stronghold, nrook_mini_backslash, nicolae_shop_gadgets
D:13:     layout_cross, serial_glass, glass_columns_a, glass_columns_a,
          serial_shops, nicolae_shop_overgrown_old_shop, amethyst_killhole
D:14:     layout_stronghold, grunt_vaults_entry_tiered, dk_noncrumbling_2,
          minivault_16, minmay_guarded_unrand_curses, uniq_snorg, uniq_rupert
D:15:     hangedman_depths_entry_civil_slaughter, layout_irregular_city,
          nemelex_lonely_heart_becter
Lair:1:   cheibrodos_lair_river_kwai, layout_gridlike,
          grunt_forest_small_clearings, minmay_lair_oklob_bushes,
          serial_bayou_shore_b, grunt_megastairs_2
Lair:2:   layout_hall_layers, spider_nest_entry_web_field
Lair:3:   layout_regular_city, palyth_hydra_swamp_entry,
          ebering_ghost_funeral_grove, serial_bayou_shore_b,
          infiniplex_staircase_pool_2
Lair:4:   layout_cave_pods, uniq_nessos
Lair:5:   layout_cave_pods
Lair:6:   minmay_lair_end_frog_pond, layout_loops_ring, slime_dummy,
          kennysheep_snail_temple
Swamp:1:  layout_basic_swamp, evilmike_swamp_ruin_rubble_1, swamp_pool4,
          nicolae_swamp_catching_bugs, uniq_roxanne
Orc:1:    orc_temple, layout_diamond_mine, uniq_josephine
Orc:2:    grunt_orc_community_town_hall, layout_diamond_mine,
          grunt_orc_community_big_house_1, grunt_orc_community_big_house_2,
          grunt_orc_community_house_1, grunt_orc_community_house_3,
          grunt_orc_community_house_1, grunt_orc_community_house_1,
          grunt_orc_community_house_2, grunt_orc_community_house_3, uniq_azrael
Elf:1:    layout_gridlike, orc_legates

Skill      XL: |  1  2  3  4  5  6  7  8  9 10 11 12 13 14 15 |
---------------+----------------------------------------------+-----
Polearms       | 2 3 4 5 6 7 9 11 12 14 15 16 | 16.5
Fighting       | 2 3 5 6 7 9 |  9.7
Armour         | 2 5 8 10 12 14 16 | 16.6
Evocations     | 2 5 7 |  7.0
Translocations | 4 5 |  5.7
Throwing       | |  0.8
Dodging        | |  1.7
Spellcasting   | |  1.7

Action                   |  1- 3 |  4- 6 |  7- 9 | 10-12 | 13-15 || total
-------------------------+-------+-------+-------+-------+-------++-------
Melee: Spear             |   119 |    65 |     1 |       |       ||   185
       Punch             |     3 |     2 |       |     4 |     5 ||    14
       Dagger            |    11 |    46 |     3 |    16 |    31 ||   107
       Halberd           |       |   182 |   409 |   714 |  2028 ||  3333
       Trident           |       |       |       |   181 |   163 ||   344
       Bardiche          |       |       |       |       |    52 ||    52
       Hand axe          |       |       |       |       |     7 ||     7
 Fire: Hunting sling     |    13 |     2 |       |     5 |       ||    20
Throw: Stone             |     7 |     2 |     2 |       |       ||    11
       Dart              |     3 |    10 |     6 |    12 |     6 ||    37
       Boomerang         |     1 |       |    21 |    22 |    42 ||    86
       Throwing net      |       |       |       |       |     1 ||     1
 Cast: Blink             |       |     3 |     4 |     1 |     7 ||    15
       Teleport Other    |       |     1 |     1 |       |       ||     2
       Gell's Gravitas   |       |       |       |       |     7 ||     7
 Abil: Evoke Invisibilit |       |       |       |       |     1 ||     1
Evoke: Wand              |       |     3 |     1 |    10 |     2 ||    16
  Use: Scroll            |       |     4 |     6 |     9 |     9 ||    28
       Potion            |       |       |       |     6 |     4 ||    10
 Stab: Sleeping          |     1 |       |       |       |       ||     1
       Paralysed         |       |       |       |     8 |     5 ||    13
       Held in net/web   |       |       |       |       |     1 ||     1
       Invisible         |       |       |       |       |     1 ||     1
Armor: Leather armour    |     9 |       |    55 |       |       ||    64
       Ring mail         |    29 |    95 |     5 |       |       ||   129
       Plate armour      |       |       |   130 |   814 |  1436 ||  2380
Dodge: Dodged            |    64 |   139 |   172 |   406 |   843 ||  1624
       Repelled          |       |       |       |     4 |       ||     4

Table legend: (Time is in decaauts)
 A = Elapsed time spent in this place.
 B = Non-inter-level travel time spent in this place.
 C = Inter-level travel time spent in this place.
 D = Time resting spent in this place.
 E = Time spent auto-exploring this place.
 F = Levels seen in this place.
 G = Mean time per level.
                   A        B        C        D        E       F      G
               +--------+--------+--------+--------+--------+-----+--------+
         Total |  39485 |  38074 |   1411 |  10436 |  18215 |  26 | 1518.7 |
       Dungeon |  18780 |  18173 |    607 |   4094 |   9522 |  15 | 1252.0 |
          Lair |  14124 |  13564 |    560 |   4474 |   6275 |   6 | 2354.0 |
         Swamp |      1 |      1 |      0 |      0 |      0 |   1 |    1.0 |
  Orcish Mines |   4915 |   4699 |    216 |   1787 |   1653 |   2 | 2457.5 |
   Elven Halls |   1213 |   1187 |     26 |     79 |    606 |   1 | 1213.0 |
       Ossuary |    449 |    449 |      0 |      0 |    158 |   1 |  449.0 |
               +--------+--------+--------+--------+--------+-----+--------+

Top non-repeatable levels by time:
  Lair:6: 3193 daAuts
   Orc:1: 2928 daAuts
    D:10: 2762 daAuts
  Lair:5: 2702 daAuts
  Lair:2: 2578 daAuts
     D:8: 2180 daAuts
     D:6: 2119 daAuts
   Orc:2: 1986 daAuts
  Lair:1: 1980 daAuts
  Lair:4: 1915 daAuts
  Lair:3: 1754 daAuts
     D:9: 1457 daAuts
     D:7: 1380 daAuts
     D:5: 1245 daAuts
   Elf:1: 1213 daAuts
